 Dungeon Crawl Stone Soup version 0.24.0-7-gb3623d2c88 (webtiles) character file.

Game seed: 14540704957888026805, levelgen mode: deterministic

1981 Furryfag69 the Cleaver (level 9, -1/70 HPs)
             Began as a Minotaur Berserker on Nov 3, 2019.
             Was a Believer of Trog.
             Slain by a centaur
             ... wielding a cursed -2 shortbow
              (8 damage)
             ... on level 8 of the Dungeon.
             The game lasted 00:08:04 (3283 turns).

Furryfag69 the Cleaver (Minotaur Berserker)         Turns: 3283, Time: 00:08:05

Health: -1/70      AC:  6    Str: 24    XL:     9   Next: 1%
Magic:  8/8        EV: 16    Int:  4    God:    Trog [**....]
Gold:   177        SH:  0    Dex: 11    Spells: 8/8 levels left

rFire    . . .     SeeInvis .   a - +0 hand axe
rCold    . . .     Gourm    .   (no shield)
rNeg     . . .     Faith    .   b - +1 animal skin
rPois    .         Spirit   .   (helmet restricted)
rElec    .         Reflect  .   e - +2 cloak
rCorr    .         Harm     .   (no gloves)
MR       .....                  (no boots)
Stlth    +.........             (no amulet)
HPRegen  0.21/turn              k - +2 ring of evasion
MPRegen  0.11/turn              (no ring)

@: lethally poisoned (-1 -> -1), berserk cooldown, slowed, very slow
A: retaliatory headbutt, horns 2
a: Berserk, Trog's Hand, Renounce Religion


You were on level 8 of the Dungeon.
You worshipped Trog.
Trog was pleased with you.
You were very hungry.

You visited 1 branch of the dungeon, and saw 6 of its levels.

You collected 177 gold pieces.

Inventory:

Hand Weapons
 a - a +0 hand axe (weapon)
Armour
 b - a +1 animal skin (worn)
 e - a +2 cloak (worn)
Jewellery
 k - a +2 ring of evasion (left hand)
 p - an uncursed ring of ice {unknown}
Wands
 j - a wand of paralysis (9)
 m - a wand of random effects (12)
 o - a wand of digging (6)
Scrolls
 i - a scroll of enchant weapon
 l - 4 scrolls of remove curse
Potions
 c - a potion of berserk rage {unknown}
 d - 2 potions of curing
 f - a potion of flight
 h - a potion of brilliance
 q - a potion of haste


   Skills:
 - Level 3.6 Fighting
 * Level 13.0 Axes
 - Level 2.4 Armour
 + Level 5.2 Dodging


You had 8 spell levels left.
You didn't know any spells.
Your spell library was empty.

Dungeon Overview and Level Annotations

Branches:
Dungeon (8/15)
 Temple: D:4-7         Lair: D:8-11

Altars:
Fedhas
Kikubaaqudgha
Trog

Annotations:
D:4 2 transporters


Innate Abilities, Weirdness & Mutations

You reflexively headbutt those who attack you in melee.
You have a pair of horns on your head.


Message History

The gnoll misses you. The orc closely misses you.
The big kobold barely misses you.
The centaur hits you with a cursed -2 shortbow.
* * * LOW HITPOINT WARNING * * *
The kobold hits you with a cursed -3 whip.
* * * LOW HITPOINT WARNING * * *
You hit the kobold but do no damage.
The kobold is moderately wounded.
You barely miss the big kobold. You hit the orc but do no damage.
You hit the centaur but do no damage.
You feel sick. The gnoll misses you.
The centaur hits you but does no damage.
The orc barely misses you.
A kobold comes into view.
The big kobold misses you. The kobold barely misses you.
You furiously retaliate!
You headbutt the kobold.
You kill the kobold!
Trog accepts your kill. The gnoll misses you.
The centaur hits you with a cursed -2 shortbow!
You die...

##... # .... .
#. ...####.. .
###K..#...
###. .......
##...###KK..#
#.....#K#K..#
#(...@(oK.#
#..##ggc##Z.#
....##.#$....#
#... ##......#
#.. Z#.....#
.. .........#
. .. #.......#
## ..
#........ ...
..yo


You could see a big kobold, a centaur, 2 gnolls, an orc, 5 kobolds and an adder
skeleton.

Vanquished Creatures
  A hippogriff (D:8)
  5 yaks (D:7)
  A hungry ghost (D:7)
  A necrophage (D:7)
  A centaur (D:8)
  A bullfrog (D:7)
  6 killer bees (D:8)
  4 crimson imps (D:7)
  A quasit (D:7)
  An orc priest (D:7)
  Natasha (thrice) (D:2)
  An orc wizard (D:7)
  2 worker ants (D:7)
  A worker ant zombie (D:8)
  A gnoll (D:4)
  2 adders (D:2)
  2 adder zombies
  An ooze (D:2)
  2 dart slugs
  A leopard gecko (D:1)
  5 orcs (D:7)
  3 bats (D:3)
  2 giant cockroaches (D:2)
  2 hobgoblins
  5 jackals
  A frilled lizard (D:3)
  3 goblins
  9 kobolds
  A quokka skeleton (D:4)
  2 rats (D:2)
71 creatures vanquished.

Notes
Turn   | Place    | Note
-------+----------+-------------------------------------------
     0 | D:1      | Furryfag69 the Minotaur Berserker began the quest for the
                  | Orb.
     0 | D:1      | Reached XP level 1. HP: 19/19 MP: 0/0
    53 | D:1      | Reached skill level 4 in Axes
   154 | D:1      | Reached XP level 2. HP: 23/26 MP: 1/1
   770 | D:2      | Noticed Natasha
   774 | D:2      | Killed Natasha
   774 | D:2      | Reached skill level 5 in Axes
   774 | D:2      | Reached XP level 3. HP: 31/31 MP: 2/2
  1248 | D:2      | Noticed Natasha
  1255 | D:2      | Killed Natasha
  1255 | D:2      | Reached XP level 4. HP: 39/39 MP: 3/3
  1277 | D:2      | Reached skill level 6 in Axes
  1305 | D:2      | Noticed Natasha
  1308 | D:2      | Killed Natasha
  1810 | D:4      | Reached XP level 5. HP: 27/45 MP: 4/4
  1898 | D:4      | Found an ancient bone altar of Kikubaaqudgha.
  1931 | D:4      | Found a transporter.
  1932 | D:4      | Noticed a phantom
  1944 | D:4      | Found a blossoming altar of Fedhas.
  1964 | D:4      | Found a transporter.
  1968 | D:4      | Noticed a hungry ghost
  1985 | D:4      | You fall into a shaft and drop 3 floors!
  1993 | D:7      | Reached ** piety under Trog
  2030 | D:7      | Reached skill level 7 in Axes
  2031 | D:7      | Noticed a necrophage
  2038 | D:7      | Killed a necrophage
  2038 | D:7      | Reached skill level 8 in Axes
  2038 | D:7      | Reached XP level 6. HP: 45/51 MP: 5/5
  2749 | D:7      | Reached skill level 9 in Axes
  2749 | D:7      | Reached XP level 7. HP: 57/57 MP: 6/6
  2819 | D:7      | Noticed a yak
  2820 | D:7      | Noticed a yak
  2821 | D:7      | Noticed a yak
  2821 | D:7      | Noticed a yak
  2821 | D:7      | Noticed a yak
  2842 | D:7      | Killed a yak
  2843 | D:7      | Killed a yak
  2843 | D:7      | Reached skill level 10 in Axes
  2847 | D:7      | Killed a yak
  2853 | D:7      | Killed a yak
  2853 | D:7      | Reached skill level 11 in Axes
  2853 | D:7      | Reached XP level 8. HP: 23/64 MP: 7/7
  3243 | D:8      | Found a bloodstained altar of Trog.
  3252 | D:8      | Noticed a hippogriff
  3259 | D:8      | Reached skill level 12 in Axes
  3269 | D:8      | Reached skill level 5 in Dodging
  3272 | D:8      | Killed a hippogriff
  3278 | D:8      | Reached skill level 13 in Axes
  3278 | D:8      | Reached XP level 9. HP: 16/70 MP: 8/8
  3283 | D:8      | Slain by a centaur

Levels and vault maps discovered:
D:1:      psy_arrival_statuary, layout_loops_ring, st_stairs_13
D:2:      layout_loops_ring, uniq_natasha
D:3:      layout_rooms, chequers_temple_overflow_minitemple, first_ration,
          uniq_robin, uniq_crazy_yiuf_cottage
D:4:      layout_cave_pods, gammafunk_temple_of_torment,
          nicolae_ossuary_entry_plus, fedhas_altar_4, uniq_sigmund, uniq_duvessa
D:7:      layout_cave_pools, lemuel_doored_altar, grunt_livestock
D:8:      layout_cave_pools, trog_butcher_becter, uniq_harold

Skill      XL: |  1  2  3  4  5  6  7  8 |
---------------+-------------------------+-----
Axes           | 4 5 6 8 9 11 13 | 13.0
Dodging        | 3 4 5 |  5.2
Fighting       | |  3.6
Armour         | |  2.4

Action                   |  1- 3 |  4- 6 |  7- 9 || total
-------------------------+-------+-------+-------++-------
Melee: Hand axe          |    42 |   100 |    66 ||   208
       Headbutt          |     8 |    15 |    15 ||    38
Invok: Berserk           |     2 |     6 |     2 ||    10
  Use: Scroll            |     4 |     9 |     1 ||    14
  Eat: Ration            |     1 |     3 |     1 ||     5
       Chunk             |       |       |     2 ||     2
Armor: Animal skin       |     5 |    16 |    17 ||    38
Dodge: Dodged            |    27 |    74 |    54 ||   155
